 Dungeon Crawl Stone Soup version 0.25-b1-37-g2669288c55 (webtiles) character file.

Game seed: 15997959403608720262

77 ChiseanneNo2 the Chopper (level 4, -2/34 HPs)
             Began as a Gnoll Wanderer on June 6, 2020.
             Was an Initiate of Dithmenos.
             Slain by a centaur (6 damage)
             ... on level 5 of the Dungeon.
             The game lasted 00:09:23 (1910 turns).

ChiseanneNo2 the Chopper (Gnoll Wanderer)           Turns: 1910, Time: 00:09:24

Health: -2/34      AC:  6    Str: 16    XL:     4   Next: 34%
Magic:  8/8        EV:  9    Int: 13    God:    Dithmenos [......]
Gold:   178        SH:  0    Dex: 15    Spells: 9/9 levels left

rFire    . . .     SeeInvis .   a - +2 dagger
rCold    . . .     Gourm    .   (no shield)
rNeg     . . .     Faith    .   f - +0 scale mail
rPois    .         Spirit   .   (no helmet)
rElec    .         Reflect  .   (no cloak)
rCorr    .         Harm     .   (no gloves)
MR       .....                  (no boots)
Stlth    +.........             (no amulet)
HPRegen  0.11/turn              (no ring)
MPRegen  0.11/turn              (no ring)

@: brilliant
A: distributed training, fangs 1, strong nose
a: Renounce Religion


You were on level 5 of the Dungeon.
You worshipped Dithmenos.
Dithmenos was noncommittal.
You were not hungry.

You visited 1 branch of the dungeon, and saw 5 of its levels.

You collected 178 gold pieces.

Inventory:

Hand Weapons
 a - a +2 dagger (weapon)
 k - a +1 battleaxe
 r - a +0 short sword of speed
 s - a +0 hand axe
 w - a +0 hand crossbow
Missiles
 d - 25 bolts
 h - 10 sling bullets
 n - a throwing net (quivered)
 o - 16 stones
Armour
 f - a +0 scale mail (worn)
Jewellery
 e - an uncursed ring of ice {unknown}
 i - an uncursed ring of protection from fire {unknown}
 t - an uncursed ring of fire {unknown}
Scrolls
 b - a scroll of blinking
 j - 2 scrolls of teleportation
Potions
 c - 2 potions of stabbing
 m - a potion of heal wounds {unknown}
 q - a potion of haste {unknown}
Comestibles
 g - 7 rations
 p - 5 chunks of flesh


   Skills:
 + Level 2.7 Fighting
 + Level 1.1 Short Blades
 + Level 1.1 Long Blades
 + Level 4.6 Axes
 + Level 1.1 Maces & Flails
 + Level 1.1 Polearms
 + Level 1.1 Staves
 + Level 1.1 Slings
 + Level 1.1 Bows
 + Level 1.1 Crossbows
 + Level 1.1 Throwing
 + Level 1.1 Armour
 + Level 1.1 Dodging
 + Level 2.5 Stealth
 + Level 2.7 Shields
 + Level 1.1 Unarmed Combat
 + Level 3.0 Spellcasting
 + Level 3.8 Conjurations
 + Level 0.8 Hexes
 + Level 0.8 Charms
 + Level 0.8 Summonings
 + Level 0.8 Necromancy
 + Level 0.8 Translocations
 + Level 0.8 Transmutations
 + Level 0.8 Fire Magic
 + Level 0.8 Ice Magic
 + Level 0.8 Air Magic
 + Level 3.8 Earth Magic
 + Level 0.8 Poison Magic
 + Level 1.2 Invocations
 + Level 1.1 Evocations


You had 9 spell levels left.
You didn't know any spells.
Your spell library was empty.

Dungeon Overview and Level Annotations

Branches:
Dungeon (5/15)
 Temple: D:4-7

Altars:
Dithmenos
Elyvilon
Vehumet

Annotations:
D:3 Grinder


Innate Abilities, Weirdness & Mutations

Your experience applies equally to all skills.
You have very sharp teeth.
Your uncanny sense of smell can sniff out nearby items.


Message History

The centaur hits you!
You hit the centaur but do no damage. Your bite misses the centaur.
The centaur is severely wounded.
The centaur hits you. x2
* * * LOW HITPOINT WARNING * * *
You barely miss the centaur.
The centaur is severely wounded.
The centaur barely misses you.
You hit the centaur.
The centaur is severely wounded.
The centaur closely misses you.
You hit the centaur but do no damage.
The centaur is severely wounded.
The centaur hits you.
* * * LOW HITPOINT WARNING * * *
The centaur closely misses you.
It was a potion of brilliance.
You feel clever all of a sudden. The centaur hits you.
You die...

#.# ### #.####
##### #...###....
##...###.# .#...##
#<....#.#####.....#
#..........##....#
#.....#.##.[....#
##...###.###.##.#
##### ##(@c###(#
##### #+# ... .....
....... .........
+c..Y.....+
#.........#


You could see a centaur.

Vanquished Creatures
  A hound skeleton (D:4)
  An adder (D:3)
  A shadow imp (D:3)
  A worm (D:3)
  2 dart slugs
  4 bats
  4 goblins
  4 hobgoblins
  11 jackals
  A kobold (D:2)
  2 frilled lizards
  4 rats (D:1)
36 creatures vanquished.

Notes
Turn   | Place    | Note
-------+----------+-------------------------------------------
     0 | D:1      | ChiseanneNo2 the Gnoll Wanderer began the quest for the
                  | Orb.
     0 | D:1      | ChiseanneNo2 set off with the following items: a +2 dagger,
                  | a scroll of blinking, a +0 hand crossbow, 25 bolts, a +0
                  | hand axe, a +0 robe, a ration
     0 | D:1      | Reached XP level 1. HP: 17/17 MP: 4/4
   350 | D:1      | Reached XP level 2. HP: 23/23 MP: 5/5
   722 | D:2      | Reached XP level 3. HP: 23/28 MP: 7/7
   827 | D:2      | Found a radiant altar of Vehumet.
   909 | D:3      | Reached skill level 1 in Invocations
  1184 | D:3      | Reached skill level 1 in Short Blades
  1184 | D:3      | Reached skill level 1 in Long Blades
  1184 | D:3      | Reached skill level 1 in Maces & Flails
  1184 | D:3      | Reached skill level 1 in Polearms
  1184 | D:3      | Reached skill level 1 in Staves
  1184 | D:3      | Reached skill level 1 in Slings
  1184 | D:3      | Reached skill level 1 in Bows
  1184 | D:3      | Reached skill level 1 in Crossbows
  1184 | D:3      | Reached skill level 1 in Throwing
  1184 | D:3      | Reached skill level 1 in Armour
  1184 | D:3      | Reached skill level 1 in Dodging
  1184 | D:3      | Reached skill level 1 in Unarmed Combat
  1184 | D:3      | Reached skill level 1 in Evocations
  1184 | D:3      | Reached XP level 4. HP: 8/34 MP: 8/8
  1822 | D:4      | Found a white marble altar of Elyvilon.
  1822 | D:4      | Found a shadowy altar of Dithmenos.
  1825 | D:4      | Became a worshipper of Dithmenos the Shadowed
  1848 | D:3      | Noticed Grinder
  1848 | D:3      | Paralysed by Grinder for 3 turns
  1870 | D:5      | Entered Level 5 of the Dungeon
  1887 | D:5      | Noticed a centaur
  1887 | D:5      | Noticed a sky beast
  1910 | D:5      | Slain by a centaur

Illustrated notes

Levels and vault maps discovered:
D:1:      dpeg_arrival_round_a, layout_basic
D:2:      layout_loops_ring, vehumet_crystals,
          lemuel_zombie_altar_kikubaaqudgha, chequers_ecumenical_altar_twisty,
          serial_bayou_pond_d
D:3:      layout_basic, first_ration, uniq_grinder
D:4:      cheibrodos_pilgrimage, layout_basic,
          gammafunk_temple_overflow_elements, temple_hall
D:5:      layout_loops_corners, fedhas_altar_fruit_tree, gammafunk_ghost_grave

Skill      XL: |  1  2  3  4 |
---------------+-------------+-----
Invocations    | 1 |  1.2
Short Blades   | 1 |  1.1
Long Blades    | 1 |  1.1
Maces & Flails | 1 |  1.1
Polearms       | 1 |  1.1
Staves         | 1 |  1.1
Slings         | 1 |  1.1
Bows           | 1 |  1.1
Crossbows      | 1 |  1.1
Throwing       | 1 |  1.1
Armour         | 1 |  1.1
Dodging        | 1 |  1.1
Unarmed Combat | 1 |  1.1
Evocations     | 1 |  1.1
Spellcasting   | 3 |  3.0
Fighting       | |  2.7
Axes           | |  4.6
Stealth        | |  2.5
Shields        | |  2.7
Conjurations   | |  3.8
Hexes          | |  0.8
Charms         | |  0.8
Summonings     | |  0.8
Necromancy     | |  0.8
Translocations | |  0.8
Transmutations | |  0.8
Fire Magic     | |  0.8
Ice Magic      | |  0.8
Air Magic      | |  0.8
Earth Magic    | |  3.8
Poison Magic   | |  0.8

Action                   |  1- 3 |  4- 6 || total
-------------------------+-------+-------++-------
Melee: Dagger            |   140 |    24 ||   164
       Hand axe          |     7 |     9 ||    16
       Bite              |    18 |     4 ||    22
  Use: Scroll            |     4 |     3 ||     7
       Potion            |       |     1 ||     1
 Stab: Sleeping          |     3 |       ||     3
  Eat: Chunk             |     1 |     2 ||     3
Armor: Leather armour    |    11 |       ||    11
       Robe              |     5 |       ||     5
       Scale mail        |    45 |    15 ||    60
Dodge: Dodged            |    55 |    27 ||    82
